 Dungeon Crawl Stone Soup version 0.31-a0-175-g9f7f995f2b (webtiles) character file.

Game seed: 10395964472145858334

15984 Maxmaps the Fighter (level 12, -4/97 HPs)
             Began as a Demonspawn Conjurer on June 16, 2023.
             Was an Initiate of Gozag.
             Slain by Urug
             ... wielding a +1 broad axe of flaming
              (9 damage)
             ... on level 12 of the Dungeon.
             The game lasted 00:22:34 (11100 turns).

Maxmaps the Fighter (Demonspawn Conjurer)          Turns: 11100, Time: 00:22:34

Health: -4/97      AC: 38    Str:  8    XL:     12   Next: 6%
Magic:  30/30      EV:  2    Int: 32    God:    Gozag
Gold:   425        SH:  0    Dex: 12    Spells: 20/23 levels left

rFire   + . .        C - +1 flail (protect)
rCold   + + .        (no shield)
rNeg    . . .        l - +15 plate armour of Zucsal {rPois Int+4}
rPois   +            (no helmet)
rElec   +            w - scarf {shadows}
rCorr   +            H - +0 pair of gloves
SInv    .            E - +0 pair of boots
Will    .....        i - amulet of regeneration Stlth
                     o - ring of magical power
HPRegen 1.16/turn    y - ring of protection from cold
MPRegen 0.44/turn

%: no passive effects
@: mighty, resistant, under a protective aura, hasted, invisible, very quick
A: spiny 2, magic regeneration, big brain 2, weakness stinger 1
a: Renounce Religion, Potion Petition, Call Merchant, Bribe Branch


You were on level 12 of the Dungeon.
You worshipped Gozag.
Gozag was aware of your devotion.
You visited 2 branches of the dungeon, and saw 13 of its levels.

You collected 1992 gold pieces.
You paid 1567 gold pieces to Gozag.

Inventory:

Hand Weapons
 C - a +1 flail of protection (weapon)
Missiles
 e - 2 throwing nets
Armour
 a - +1 steam dragon scales
 f - a +1 cloak
 l - the +15 plate armour of Zucsal (worn) {rPois Int+4}
   (You found it on level 7 of the Dungeon)

   Int:       It affects your intelligence (+4).
   rPois:     It protects you from poison.
 t - a +0 leather armour of fire resistance
 w - a scarf of shadows (worn)
 x - an orb of wrath
 E - a +0 pair of boots (worn)
 F - the orb "Naeber" {*channel, Rampage rPois rF- Will-}
   (You found it on level 8 of the Dungeon)

   rF:        It makes you vulnerable to fire.
   rPois:     It protects you from poison.
   Rampage:   It bestows one free step when moving towards enemies.
   Will:      It decreases your willpower.
 H - a +0 pair of gloves (worn)
Jewellery
 d - an amulet of reflection
 i - an amulet of regeneration (around neck)
 m - a ring of magical power
 o - a ring of magical power (left hand)
 r - a +6 ring of strength
 y - a ring of protection from cold (right hand)
Wands
 p - a wand of mindburst (5)
 z - a wand of roots (18)
 D - a wand of charming (6)
 J - a wand of flame (6)
 L - a wand of polymorph (6)
Scrolls
 k - 4 scrolls of fog
 n - 3 scrolls of teleportation
 q - 2 scrolls of enchant armour
 v - 2 scrolls of immolation
 G - 2 scrolls of identify
 I - 2 scrolls of revelation
 K - a scroll of amnesia {unknown}
Potions
 b - 3 potions of magic
 c - 2 potions of haste
 g - 3 potions of curing
 j - a potion of cancellation
 s - a potion of resistance
 A - 3 potions of attraction
 B - 8 potions of enlightenment


   Skills:
 - Level 10.1 Fighting
 + Level 4.9 Maces & Flails
 - Level 9.0 Armour
 - Level 9.0 Dodging
 - Level 1.7 Stealth
 - Level 6.3 Spellcasting
 - Level 7.0 Conjurations


You had 20 spell levels left.
You knew the following spells:

 Your Spells              Type           Power      Damage    Failure   Level
a - Magic Dart            Conj           100%       1d8       73%         1
b - Searing Ray           Conj           100%       2d8       86%         2

Your spell library contained the following spells:

 Spells                   Type           Power      Damage    Failure   Level
 Dazzling Flash           Conj/Hex       64%        N/A       100%        3
 Fulminant Prism          Conj/Hex       16%        3d11      100%        4
 Iskenderun's Mystic Bla  Conj/Tloc      32%        2d8       100%        4
 Borgnjor's Vile Clutch   Necr/Erth      5%         N/A       100%        5
 Death Channel            Necr           5%         N/A       100%        6
 Ozocubu's Refrigeration  Ice            5%         4d8       100%        7
 Polar Vortex             Ice            5%         N/A       100%        9
 Animate Dead             Necr           Unusable   N/A       N/A         4
 Simulacrum               Ice/Necr       Unusable   N/A       N/A         6

Dungeon Overview and Level Annotations

Branches:
Dungeon (12/15)            Temple (1/1) D:5            Lair (0/5) D:8
    Orc (0/2) D:10

Altars:
Ashenzari
Cheibriados
Dithmenos
Fedhas
Gozag
Hepliaklqana
Kikubaaqudgha
Makhleb
Nemelex Xobeh
Okawaru
Qazlal
Ru
Sif Muna
Trog
Uskayaw
Vehumet
Wu Jian
Xom
Yredelemnul

Annotations:
D:5 1 runed translucent door, jasper's ghost, amateur DEHW
D:6 1 runed translucent door
D:12 Urug


Innate Abilities, Weirdness & Mutations

You are mostly covered in sharp spines.
You regenerate magic rapidly.
You have an extremely huge brain. (Int +4)
You have a small tail.


Message History

Urug hits you with a +1 broad axe of flaming!!
Urug burns you!
You hit Urug.
Urug is severely wounded.
Urug is struck by your spines.
Urug hits you with a +1 broad axe of flaming.
Urug burns you.
You hit Urug.
Urug is severely wounded.
Urug hits you with a +1 broad axe of flaming!
* * * LOW HITPOINT WARNING * * *
Urug burns you.
* * * LOW HITPOINT WARNING * * *
You catch the helpless Urug completely off-guard!
You hit Urug.
Urug is severely wounded.
Urug hits you but does no damage.
You hit Urug. Your punch misses Urug.
Urug is almost dead.
You strike the helpless Urug from behind!
You hit Urug.
Urug is almost dead.
Urug hits you with a +1 broad axe of flaming!
* * * LOW HITPOINT WARNING * * *
Urug burns you!
* * * LOW HITPOINT WARNING * * *
[a] - 648 gold - resistance, might and haste [b] - 308 gold - haste and brilliance [c] - 960 gold - invisibility, might, haste and resistance Purchase which effect?
You no longer have enough gold to fund merchants seeking to open stores in the dungeon.
You fade further into invisibility.
You feel very mighty all of a sudden.
You feel as though your hastened speed will last longer.
You feel protected. Urug hits you but does no damage.
You hit Urug.
Urug is almost dead.
Urug hits you with a +1 broad axe of flaming!
You die...
Your body crumbles into a pile of gold.

#........#....>.....#
#.......#########+###
#.......# ##.######
#..# ######'### #
#........# ###.##
#........# ###.....#
#........#####.@o....#
#........'.....#.....#
+........#######.$...#
#........# .....#
#........# ......
######### .....#
######


You could see Urug (unable to see you).

Vanquished Creatures
  3 two-headed ogres
  3 skeletal warriors (D:11)
  2 deep elf pyromancers
  A cyclops (D:11)
  An ugly thing (D:12)
  Maurice (D:9)
  A kobold demonologist (D:12)
  An unseen horror (D:10)
  A komodo dragon (D:12)
  Psyche (D:11)
  2 trolls (D:10)
  16 yaks
  A shadow (D:11)
  Sigmund (D:4)
  2 wyverns
  2 steam dragons
  3 vampire mosquitoes
  Menkaure (D:4)
  An acid dragon (D:7)
  2 water moccasins
  2 black bears (D:7)
  8 orc warriors
  2 sky beasts (D:8)
  3 ice beasts
  5 centaurs
  2 phantoms
  2 kobold brigands
  5 bullfrogs
  3 scorpions
  13 wights
  5 killer bees
  2 howler monkeys
  5 electric eels
  4 jellies
  8 crimson imps (D:8)
  3 hounds
  4 gnoll boudas
  5 orc priests
  Crazy Yiuf (D:2)
  2 sleepcaps (D:7)
  A human skeleton (D:6)
  4 iguanas
  7 orc wizards
  21 gnolls
  8 adders
  2 white imps (D:8)
  2 ufetubi
  A worm (D:3)
  4 dart slugs
  43 orcs
  6 ball pythons
  8 endoplasms
  2 giant cockroaches
  10 goblins
  3 hobgoblins (D:1)
  6 jackals
  10 kobolds
  3 quokkas
  6 bats
  7 frilled lizards
  A kobold skeleton (D:6)
  6 rats
291 creatures vanquished.

Vanquished Creatures (others)
  A phantom (D:7)
1 creature vanquished.

Grand Total: 292 creatures vanquished

Notes
Turn   | Place    | Note
-------+----------+-------------------------------------------
     0 | D:1      | Maxmaps the Demonspawn Conjurer began the quest for the
                  | Orb.
     0 | D:1      | Reached XP level 1. HP: 13/13 MP: 3/3
   256 | D:1      | Gained mutation: You regenerate magic rapidly. [demonic
                  | ancestry]
   256 | D:1      | Reached XP level 2. HP: 16/19 MP: 1/5
   743 | D:1      | Reached skill level 5 in Conjurations
   819 | D:1      | Reached XP level 3. HP: 24/24 MP: 3/6
   939 | D:1      | Learned a level 2 spell: Searing Ray
  1303 | D:2      | Noticed Sigmund
  1735 | D:2      | Gained mutation: You are partially covered in sharp spines.
                  | [demonic ancestry]
  1735 | D:2      | Reached XP level 4. HP: 24/30 MP: 4/7
  1961 | D:2      | Found a runed translucent door.
  1962 | D:2      | Noticed Crazy Yiuf
  2101 | D:2      | Killed Crazy Yiuf
  2563 | D:3      | Reached XP level 5. HP: 35/35 MP: 8/8
  3145 | D:4      | Killed Sigmund
  3146 | D:4      | Reached skill level 3 in Fighting
  3146 | D:4      | Reached XP level 6. HP: 42/47 MP: 9/9
  3170 | D:4      | Found a burning altar of Makhleb.
  3521 | D:4      | Reached skill level 4 in Fighting
  3580 | D:5      | Entered Level 5 of the Dungeon
  3631 | D:5      | Gained mutation: You are mostly covered in sharp spines.
                  | [demonic ancestry]
  3631 | D:5      | Reached XP level 7. HP: 47/55 MP: 10/10
  3707 | D:4      | Reached skill level 5 in Fighting
  3935 | D:5      | Found a staircase to the Ecumenical Temple.
  3938 | D:5      | Noticed Menkaure
  4011 | D:4      | Killed Menkaure
  4171 | D:5      | Found a runed translucent door.
  4171 | D:5      | Noticed jasper's ghost (amateur DEHW)
  4171 | D:5      | Noticed a yak
  4271 | D:5      | Reached skill level 1 in Armour
  4498 | D:6      | Noticed a steam dragon
  4506 | D:6      | Killed a steam dragon
  4507 | D:6      | Gained mutation: You have an unusually large brain. (Int
                  | +2) [demonic ancestry]
  4507 | D:6      | Reached XP level 8. HP: 16/62 MP: 11/11
  4590 | D:6      | Found a runed translucent door.
  4634 | D:6      | Found a basalt altar of Yredelemnul.
  5145 | D:6      | Reached skill level 5 in Armour
  5361 | D:6      | Found a sparkling altar of Nemelex Xobeh.
  5552 | D:6      | Found a shimmering blue altar of Sif Muna.
  5761 | D:7      | Gained mutation: You have an extremely huge brain. (Int +4)
                  | [demonic ancestry]
  5761 | D:7      | Reached XP level 9. HP: 40/68 MP: 12/12
  5825 | D:7      | Noticed a two-headed ogre
  5837 | D:7      | Reached skill level 6 in Fighting
  5841 | D:7      | Killed a two-headed ogre
  5842 | D:7      | Reached skill level 8 in Fighting
  6100 | D:7      | Noticed a boulder beetle
  6110 | D:7      | Reached skill level 9 in Fighting
  6215 | D:7      | Noticed a deep elf pyromancer
  6221 | D:7      | Killed a deep elf pyromancer
  6222 | D:7      | Reached XP level 10. HP: 72/85 MP: 13/13
  6378 | Temple   | Entered the Ecumenical Temple
  6533 | D:7      | Reached skill level 10 in Fighting
  6702 | D:7      | Identified the +15 plate armour of Zucsal {rPois Int+4}
  6704 | D:7      | Noticed a two-headed ogre
  6713 | D:7      | Killed a two-headed ogre
  6714 | D:7      | Reached skill level 5 in Spellcasting
  6922 | D:7      | Found an opulent altar of Gozag.
  6961 | D:7      | Became a worshipper of Gozag Ym Sagoz the Greedy
  7249 | D:8      | Identified the orb "Naeber" {*channel, Rampage rPois rF-
                  | Will-}
  7710 | D:8      | Found an iron altar of Okawaru.
  7751 | D:8      | Found a staircase to the Lair.
  8208 | D:9      | Gained mutation: You have a small tail. [demonic ancestry]
  8208 | D:9      | Reached XP level 11. HP: 56/90 MP: 20/20
  8459 | D:9      | Noticed Maurice
  8478 | D:9      | Killed Maurice
  9091 | D:10     | Entered Level 10 of the Dungeon
  9091 | D:10     | Noticed a two-headed ogre
  9107 | D:9      | Killed a two-headed ogre
  9108 | D:9      | Reached skill level 5 in Dodging
  9385 | D:10     | Found a staircase to the Orcish Mines.
  9455 | D:10     | Identified the +5 falchion "Gorghato" {heavy, rCorr Str+3
                  | Int+8 Dex-4}
  9666 | D:10     | Found a stormy altar of Qazlal.
  9666 | D:10     | Found an ancient bone altar of Kikubaaqudgha.
  9869 | D:11     | Noticed a skeletal warrior
  9869 | D:11     | Noticed a skeletal warrior
  9870 | D:11     | Noticed a skeletal warrior
  9899 | D:11     | Killed a skeletal warrior
 10090 | D:11     | Noticed Psyche
 10096 | D:11     | Killed Psyche
 10289 | D:11     | Killed a skeletal warrior
 10454 | D:11     | Killed a skeletal warrior
 10591 | D:12     | Noticed a soul eater
 10833 | D:12     | Noticed a brown ugly thing
 10849 | D:12     | Killed a brown ugly thing
 10850 | D:12     | Reached XP level 12. HP: 24/97 MP: 21/21
 11079 | D:12     | Noticed Urug
 11098 | D:12     | HP: 3/97 [Urug/+1 broad axe of flaming (7)]
 11100 | D:12     | Slain by Urug

Illustrated notes

Levels and vault maps discovered:
D:1:      sevenhm_arrival_forest_fort_large_4, layout_basic
D:2:      layout_basic, glass_columns_c, uniq_sigmund, uniq_crazy_yiuf_cottage
D:3:      layout_basic
D:4:      layout_loops_cross, lightli_temple_of_fire
D:5:      layout_rooms, minmay_temple_entry_large_hall,
          ebering_ghost_inner_flame, eino_tiny_chamber, interstate_on_off,
          uniq_menkaure
D:6:      layout_basic, dk_yredelemnul_ordeal, marbit_many_paths, led_sif_pool,
          patterned_corridor
D:7:      minmay_the_grid_octo_triangle [minmay_the_grid_octo_checkered,
          minmay_the_grid_octo_prize_single_spiral,
          minmay_the_grid_octo_clover], layout_basic,
          grunt_temple_overflow_gold_and_silver, grunt_ministairs_15
D:8:      layout_basic, mainiacjoe_overflow_alcove_2, minmay_nine_imps
D:9:      layout_gridville, special_room [special_room_orc], uniq_maurice
D:10:     layout_big_octagon, gammafunk_temple_overflow_elements, orc_0_dummy,
          kennysheep_generic_room_14
D:11:     layout_rooms, hellmonk_bongcloud_opening, uniq_psyche
D:12:     layout_roguey, special_room [special_room_bee], uniq_urug
Temple:   nicolae_temple_ecumenical_triangle

Skill      XL: |  1  2  3  4  5  6  7  8  9 10 11 |
---------------+----------------------------------+-----
Conjurations   | 5 6 7 |  7.0
Fighting       | 3 4 5 9 10 | 10.1
Dodging        | 4 9 |  9.0
Armour         | 2 6 7 8 9 |  9.0
Spellcasting   | 6 |  6.3
Maces & Flails | 4 |  4.9
Stealth        | |  1.7

Action                     |  1- 3 |  4- 6 |  7- 9 | 10-12 || total
---------------------------+-------+-------+-------+-------++-------
  Melee: Unarmed           |     4 |       |       |       ||     4
         Punch             |     1 |       |     1 |     5 ||     7
         Dagger            |    17 |    28 |    30 |       ||    75
         Flail             |       |       |   139 |   490 ||   629
         Tailslap          |       |       |       |    58 ||    58
   Cast: Magic Dart        |    75 |    57 |    22 |     5 ||   159
         Searing Ray       |     1 |     6 |    10 |     7 ||    24
 Invoke: Potion Petition   |       |       |       |     2 ||     2
    Use: Scroll            |       |       |    13 |     5 ||    18
         Potion            |       |       |       |    10 ||    10
   Stab: Sleeping          |     1 |     1 |     1 |       ||     3
         Distracted        |       |       |       |     1 ||     1
         Invisible         |       |       |       |     2 ||     2
 Armour: Ring mail         |     5 |    14 |    23 |       ||    42
         Leather armour    |       |     2 |       |       ||     2
         Steam dragon scal |       |       |    68 |    16 ||    84
         Plate armour      |       |       |       |   709 ||   709
  Dodge: Dodged            |    10 |    26 |   147 |    65 ||   248
  Block: Other             |    13 |       |       |       ||    13
         Reflection        |     1 |       |       |       ||     1

Table legend: (Time is in decaauts)
 A = Elapsed time spent in this place.
 B = Non-inter-level travel time spent in this place.
 C = Inter-level travel time spent in this place.
 D = Time resting spent in this place.
 E = Time spent auto-exploring this place.
 F = Levels seen in this place.
 G = Mean time per level.
                   A        B        C        D        E       F      G
               +--------+--------+--------+--------+--------+-----+--------+
         Total |  11326 |  10643 |    683 |    688 |   7430 |  13 |  871.2 |
       Dungeon |  11278 |  10605 |    673 |    688 |   7398 |  12 |  939.8 |
        Temple |     47 |     38 |      9 |      0 |     32 |   1 |   47.0 |
               +--------+--------+--------+--------+--------+-----+--------+

Top non-repeatable levels by time:
     D:7: 1410 daAuts
     D:6: 1377 daAuts
     D:1: 1275 daAuts
     D:9: 1009 daAuts
     D:8: 939 daAuts
     D:2: 891 daAuts
     D:4: 869 daAuts
    D:10: 801 daAuts
     D:5: 740 daAuts
    D:11: 721 daAuts
     D:3: 701 daAuts
    D:12: 541 daAuts
  Temple: 47 daAuts
